 Dungeon Crawl Stone Soup version 0.30-a0-772-g5528072125 (webtiles) character file.

Game seed: 14095074223984300009

1508 AzureAlchemist the Shooter (level 8, -15/63 HPs)
             Began as a Demigod Hexslinger on Feb 12, 2023.
             Demolished by a very large slime creature (48 damage)
             ... on level 5 of the Dungeon.
             The game lasted 00:15:57 (5675 turns).

AzureAlchemist the Shooter (Demigod Hexslinger)     Turns: 5675, Time: 00:15:58

Health: -15/63     AC:  5    Str: 11    XL:     8   Next: 28%
Magic:  0/17       EV: 12    Int: 21    God:
Gold:   182        SH:  0    Dex: 22    Spells: 9/15 levels left

rFire   + . .      SeeInvis .    b - +3 sling
rCold   x . .      Faith    .    (no shield)
rNeg    . . .      Spirit   +    k - +0 robe
rPois   .          Reflect  .    g - +0 helmet
rElec   .          Harm     .    u - +1 cloak
rCorr   .          Rampage  .    (no gloves)
Will    .....                    (no boots)
Stlth   ++                       j - amulet of guardian spirit
HPRegen 0.30/turn                l - +6 ring of intelligence
MPRegen 0.15/turn                h - ring of fire

@: about to teleport
A: high MP 1, forlorn, divine attributes
a: no special abilities


You were on level 5 of the Dungeon.
You visited 1 branch of the dungeon, and saw 5 of its levels.

You collected 209 gold pieces.
You spent 27 gold pieces at shops.

Inventory:

Hand Weapons
 b - a +3 sling (weapon)
Missiles
 d - 3 curare-tipped darts
Armour
 g - a +0 helmet (worn)
 k - a +0 robe (worn)
 u - a +1 cloak (worn)
Magical Staves
 c - a staff of fire
Jewellery
 e - a ring of resist corrosion
 h - a ring of fire (right hand)
 j - an amulet of guardian spirit (around neck)
 l - a +6 ring of intelligence (left hand)
 q - a ring of positive energy
Wands
 i - a wand of paralysis (6)
 o - a wand of light (9)
Scrolls
 a - a scroll of poison
 m - 4 scrolls of magic mapping
 r - a scroll of teleportation
 s - a scroll of blinking
Potions
 f - 3 potions of brilliance
 n - 2 potions of flight
 p - a potion of haste
 t - a potion of mutation


   Skills:
 + Level 3.0 Fighting
 - Level 5.0 Ranged Weapons
 - Level 1.7 Dodging
 - Level 4.0 Spellcasting
 - Level 4.0 Hexes
 - Level 4.0 Translocations
 - Level 4.0 Fire Magic


You had 9 spell levels left.
You knew the following spells:

 Your Spells              Type           Power      Damage    Failure   Level
a - Inner Flame           Hex/Fire       31%        N/A       7%          3
b - Portal Projectile     Hex/Tloc       42%        N/A       7%          3

Your spell library contained the following spells:

 Spells                   Type           Power      Damage    Failure   Level
 Slow                     Hex            84%        N/A       2%          1
 Lesser Beckoning         Tloc           42%        N/A       3%          2
 Gell's Gravitas          Tloc           21%        N/A       7%          3
 Teleport Other           Tloc           21%        N/A       7%          3
 Summon Small Mammal      Summ           16%        N/A       12%         1
 Summon Guardian Golem    Hex/Summ       12%        N/A       16%         3
 Cause Fear               Hex            10%        N/A       22%         4
 Call Canine Familiar     Summ           4%         N/A       34%         3
 Ozocubu's Armour         Ice            4%         N/A       34%         3
 Ozocubu's Refrigeration  Ice            2%         4d7       100%        7


Dungeon Overview and Level Annotations

Branches:
Dungeon (5/15)             Temple (0/1) D:5

Shops:
D:4 :   D:5 *

Annotations:
D:2 Terence


Innate Abilities, Weirdness & Mutations

You have an increased reservoir of magic. (+10% MP)
You shall have no god before yourself.
Your divine heritage dramatically boosts your attributes as you level up.


Message History

The slime creature is lightly wounded.
The slime creature hits you!
The slime creature attacks as you move away!
The slime creature hits you!!
The slime creature attacks as you move away!
The slime creature closely misses you.
Okay, then.
Casting: Inner Flame (dangerous; 7% risk of failure)
Confirm with . or Enter, or press ? or * to list all spells.
Aiming: Inner Flame (dangerous; 7% risk of failure)
Press: ? - help, Dir - move target, f/p - slime creature
Aim: a slime creature (lightly wounded, chance to affect: 71%)
You feel a surge of power!
The slime creature is filled with an inner flame.
The slime creature barely misses you.
You shoot a sling bullet.
The sling bullet hits the slime creature.
Flame seeps out of the slime creature.
The slime creature is moderately wounded.
The slime creature is engulfed in blazing flames.
Flame seeps out of the slime creature.
The slime creature hits you.
You shoot a sling bullet.
The sling bullet barely misses the slime creature.
The sling bullet hits the large slime creature!
The large slime creature is lightly wounded.
Two slime creatures merge to form a very large slime creature.
You shoot a sling bullet.
The sling bullet hits the very large slime creature.
Flame seeps out of the very large slime creature.
The very large slime creature is moderately wounded.
The very large slime creature is engulfed in blazing flames.
Flame seeps out of the very large slime creature.
The very large slime creature hits you!
The very large slime creature attacks as you move away!
The very large slime creature misses you.
As you read the scroll of teleportation, it crumbles to dust.
You feel strangely unstable.
The very large slime creature hits you!!!
Ouch! That really hurt!
You die...

.>###..######## #######.######
### #..##...÷..############.....#
#####..##..÷...'##......###).....
##.....##..÷.÷.#.#.......##......
##.....##.÷..J.#)#.......)'......
.......##.....J#.#........'......
#......##÷.J..J#.#'#......'......
.......##..÷.J.#J#.#.....##......
####...##......#@#.#....###......
# #...##÷.....##.#########..∩...
####.#.# ### ######......#
.##..#.##############......######
....##....................##
..........................#
.......#........####......#
................# #......#
.......###......# ########


You could see a very large slime creature (inner flame).

Vanquished Creatures
  An ice beast (D:5)
  2 black bears (D:5)
  An ogre (D:5)
  A centaur (D:5)
  4 kobold brigands (D:5)
  A necrophage (D:4)
  5 wights (D:5)
  A hound (D:5)
  4 jellies (D:5)
  2 orc priests (D:4)
  2 iguanas (D:4)
  Natasha (thrice) (D:2)
  An orc wizard (D:5)
  5 adders
  A white imp (D:5)
  5 dart slugs
  6 orcs
  8 endoplasms
  8 goblins
  7 hobgoblins
  11 kobolds
  7 quokkas
  4 ball pythons
  3 bats
  3 frilled lizards
  5 rats
101 creatures vanquished.

Vanquished Creatures (others)
  8 fungi (D:5)
  8 toadstools (D:5)
16 creatures vanquished.

Grand Total: 117 creatures vanquished

Notes
Turn   | Place    | Note
-------+----------+-------------------------------------------
     0 | D:1      | AzureAlchemist the Demigod Hexslinger began the quest for
                  | the Orb.
     0 | D:1      | Reached XP level 1. HP: 15/15 MP: 4/4
    34 | D:1      | Reached skill level 2 in Ranged Weapons
   115 | D:1      | Reached XP level 2. HP: 3/22 MP: 3/5
   372 | D:1      | Reached skill level 3 in Ranged Weapons
   891 | D:1      | Reached XP level 3. HP: 27/27 MP: 6/6
  1182 | D:2      | Learned a level 3 spell: Inner Flame
  1191 | D:2      | Noticed Natasha
  1199 | D:2      | Killed Natasha
  1200 | D:2      | Reached skill level 4 in Ranged Weapons
  1370 | D:2      | Noticed Natasha
  1380 | D:2      | Killed Natasha
  1381 | D:2      | Reached XP level 4. HP: 30/34 MP: 5/8
  1706 | D:2      | Noticed Terence
  1794 | D:2      | Noticed Natasha
  1800 | D:2      | Killed Natasha
  3114 | D:4      | Reached skill level 5 in Ranged Weapons
  3148 | D:4      | Reached XP level 5. HP: 39/39 MP: 9/9
  3437 | D:4      | Reached skill level 1 in Fire Magic
  3628 | D:4      | Learned a level 3 spell: Portal Projectile
  3808 | D:4      | Reached XP level 6. HP: 46/46 MP: 10/10
  4033 | D:4      | Found Voukloum's Book Shoppe.
  4114 | D:5      | Entered Level 5 of the Dungeon
  4452 | D:5      | Reached XP level 7. HP: 51/51 MP: 10/14
  4514 | D:5      | Found Tintihuo's Assorted Antiques.
  4529 | D:5      | Reached skill level 1 in Translocations
  4557 | D:5      | Found a staircase to the Ecumenical Temple.
  5048 | D:5      | Reached XP level 8. HP: 58/58 MP: 7/16
  5264 | D:5      | Bought a scroll labelled BYESTA XECWO for 27 gold pieces
  5299 | D:5      | Reached skill level 1 in Fighting
  5444 | D:5      | Paralysed by a centaur for 5 turns
  5663 | D:5      | Noticed a slime creature
  5663 | D:5      | Noticed a slime creature
  5663 | D:5      | Noticed a slime creature
  5675 | D:5      | Demolished by a very large slime creature

Illustrated notes

Levels and vault maps discovered:
D:1:      dpeg_arrival_boxes_within_box, layout_loops_corners,
          minmay_pentomino_s2
D:2:      layout_basic, st_stairs_6, uniq_terence, uniq_natasha
D:3:      layout_basic, shapermc_ecumenical_altar_mp_vishouse
D:4:      layout_basic, serial_shops, kennysheep_mini_moat
D:5:      cheibrodos_fertilizer, layout_rooms, kennysheep_orc_sif_temple,
          minmay_temple_entry_statues_fountains, serial_shops, shop,
          minmay_misc_feat_enclosed

Skill      XL: |  1  2  3  4  5  6  7  8 |
---------------+-------------------------+-----
Ranged Weapons | 2 3 4 5 |  5.0
Hexes          | 3 4 |  4.0
Fire Magic     | 2 3 4 |  4.0
Spellcasting   | 3 4 |  4.0
Translocations | 4 |  4.0
Fighting       | 3 |  3.0
Dodging        | |  1.7

Action                     |  1- 3 |  4- 6 |  7- 9 || total
---------------------------+-------+-------+-------++-------
   Fire: Sling             |   127 |   141 |    63 ||   331
   Cast: Slow              |     1 |       |       ||     1
         Inner Flame       |       |     5 |    15 ||    20
    Use: Scroll            |       |    12 |     5 ||    17
         Potion            |       |       |     1 ||     1
 Armour: Robe              |    10 |    15 |     1 ||    26
  Dodge: Dodged            |    27 |    24 |    24 ||    75

Table legend: (Time is in decaauts)
 A = Elapsed time spent in this place.
 B = Non-inter-level travel time spent in this place.
 C = Inter-level travel time spent in this place.
 D = Time resting spent in this place.
 E = Time spent auto-exploring this place.
 F = Levels seen in this place.
 G = Mean time per level.
                   A        B        C        D        E       F      G
               +--------+--------+--------+--------+--------+-----+--------+
         Total |   5767 |   5539 |    228 |    868 |   3848 |   5 | 1153.4 |
       Dungeon |   5767 |   5539 |    228 |    868 |   3848 |   5 | 1153.4 |
               +--------+--------+--------+--------+--------+-----+--------+

Top non-repeatable levels by time:
     D:4: 1333 daAuts
     D:5: 1300 daAuts
     D:2: 1188 daAuts
     D:1: 1146 daAuts
     D:3: 798 daAuts
